 Dungeon Crawl Stone Soup version 0.27-a0-1557-g57f10a385c (webtiles) character file.

Game seed: 10272321952350559423

5 undeadczar the Sneak (level 1, 0/11 HPs)
             Began as a Spriggan Brigand on July 15, 2021.
             Slain by a gnoll (2 damage)
             ... on level 1 of the Dungeon.
             The game lasted 00:04:36 (79 turns).

undeadczar the Sneak (Spriggan Brigand)               Turns: 79, Time: 00:04:37

Health: 0/11       AC:  3    Str:  7    XL:     1   Next: 66%
Magic:  2/2        EV: 16    Int: 12    God:
Gold:   0          SH:  0    Dex: 16    Spells: 0/0 levels left

rFire    . . .     SeeInvis +   a - +2 dagger
rCold    . . .     Faith    .   (shield restricted)
rNeg     . . .     Spirit   .   b - +0 robe
rPois    .         Reflect  .   (helmet restricted)
rElec    .         Harm     .   c - +0 cloak
rCorr    .         Rampage  .   (gloves unavailable)
Will     .....                  (boots unavailable)
Stlth    +++.......             (no amulet)
HPRegen  0.03/turn              (no ring)
MPRegen  0.08/turn              (no ring)

@: very quick
A: very small, no large weapons, unfitting armour, see invisible, speed 3
a: no special abilities


You were on level 1 of the Dungeon.
You visited 1 branch of the dungeon, and saw 1 of its levels.

Inventory:

Hand Weapons
 a - a +2 dagger (weapon)
 f - a +0 short sword
Missiles
 d - 8 poisoned darts (quivered)
 e - 2 curare-tipped darts
Armour
 b - a +0 robe (worn)
 c - a +0 cloak (worn)


   Skills:
 + Level 1.7 Fighting
 + Level 2.3 Short Blades
 + Level 2.0 Throwing
 + Level 1.3 Dodging
 + Level 6.1 Stealth


You couldn't memorise any spells.
You didn't know any spells.
Your spell library was empty.

Dungeon Overview and Level Annotations

Branches:
Dungeon (1/15)

Altars:


Innate Abilities, Weirdness & Mutations

You are very small and have problems with some larger weapons.
You are too small for most types of armour.
You have supernaturally acute eyesight. (SInv)
You cover ground extremely quickly. (Speed+++)


Message History

You hit the jackal.
You kill the jackal!
You hit the jackal but do no damage. The jackal misses you.
The jackal bites you but does no damage.
You closely miss the jackal. The jackal closely misses you.
You hit the jackal.
The jackal is moderately wounded.
The jackal bites you.
You hit the jackal.
You kill the jackal!
You hit the gnoll.
The gnoll is lightly wounded.
The gnoll misses you. The quokka misses you.
You barely miss the gnoll.
The gnoll is lightly wounded.
The quokka misses you. The gnoll misses you.
You hit the gnoll.
The gnoll is moderately wounded.
The quokka completely misses you. The gnoll misses you.
You hit the gnoll.
The gnoll is heavily wounded.
The quokka misses you.
You hit the gnoll but do no damage.
The gnoll is heavily wounded.
The gnoll hits you with a +0 club.
Ouch! That really hurt!
The quokka misses you.
You hit the gnoll.
The gnoll is heavily wounded.
The gnoll completely misses you. The quokka misses you.
You hit the gnoll but do no damage.
The gnoll is heavily wounded.
The gnoll misses you. The quokka bites you.
* * * LOW HITPOINT WARNING * * *
You barely miss the gnoll.
The gnoll is heavily wounded.
The quokka bites you.
* * * LOW HITPOINT WARNING * * *
The gnoll hits you with a +0 club.
You die...

........# ####.#
........#
....$...##
.........#
.......h.#
........h#
.........#
.........#########
########.r@g......
###########


You could see a gnoll and a quokka.

Vanquished Creatures
  A ball python (D:1)
  2 jackals (D:1)
  A quokka (D:1)
4 creatures vanquished.

Notes
Turn   | Place    | Note
-------+----------+-------------------------------------------
     0 | D:1      | undeadczar the Spriggan Brigand began the quest for the
                  | Orb.
     0 | D:1      | Reached XP level 1. HP: 10/10 MP: 2/2
    44 | D:1      | Reached skill level 6 in Stealth
    79 | D:1      | Slain by a gnoll

Illustrated notes

Levels and vault maps discovered:
D:1:      lightli_arrival_farm, layout_basic

Skill      XL: |  1 |
---------------+----+-----
Stealth        | 6 |  6.1
Fighting       | |  1.7
Short Blades   | |  2.3
Throwing       | |  2.0
Dodging        | |  1.3

Action                   || total
-------------------------++-------
Melee: Dagger            ||    20
Armor: Robe              ||     1
Dodge: Dodged            ||    18

Table legend: (Time is in decaauts)
 A = Elapsed time spent in this place.
 B = Non-inter-level travel time spent in this place.
 C = Inter-level travel time spent in this place.
 D = Time resting spent in this place.
 E = Time spent auto-exploring this place.
 F = Levels seen in this place.
 G = Mean time per level.
                   A        B        C        D        E       F      G
               +--------+--------+--------+--------+--------+-----+--------+
         Total |     56 |     56 |      0 |      0 |     11 |   1 |   56.0 |
       Dungeon |     56 |     56 |      0 |      0 |     11 |   1 |   56.0 |
               +--------+--------+--------+--------+--------+-----+--------+

Top non-repeatable levels by time:
     D:1: 56 daAuts
